 Dungeon Crawl Stone Soup version 0.18-a0 (webtiles) character file.

109 Horrz the Digger (level 4, -3/24 HPs)
             Began as a Gargoyle Earth Elementalist on Oct 30, 2015.
             Killed by divine providence
             ... invoked by an orc priest
              (14 damage)
             ... on level 3 of the Dungeon.
             The game lasted 00:15:17 (2707 turns).

Horrz the Digger (Gargoyle Earth Elementalist)      Turns: 2707, Time: 00:15:17

Health: -3/24      AC:  5    Str: 13    XL:     4   Next: 90%
Magic:  1/9        EV: 12    Int: 15    God:
Gold:   189        SH:  0    Dex: 10    Spells: 4 memorised, 1 level left

rFire  . . .     SeeInvis .     (no weapon)
rCold  . . .     Clarity  .     b - +0 robe
rNeg   + . .     SustAt   .     (no shield)
rPois  ∞         Gourm    .     (no helmet)
rElec  +         Spirit   .     (no cloak)
rCorr  .         Warding  .     (no gloves)
rMut   .         Stasis   .     (no boots)
MR     .....                    (no amulet)
Stlth  ++........               (no ring)
                                (no ring)

@: not resistant to hostile enchantments, unstealthy
A: negative energy resistance 1, electricity resistance, unbreathing,
petrification resistance, rot immunity, AC +3
a: no special abilities


You were on level 3 of the Dungeon.
You were not hungry.

You visited 1 branch of the dungeon, and saw 3 of its levels.

You collected 189 gold pieces.

Inventory:

Hand Weapons
 e - a +0 dagger
Missiles
 a - 35 stones (quivered)
Armour
 b - a +0 robe (worn)
Scrolls
 g - a scroll of enchant weapon {unknown}
 h - a scroll of remove curse {unknown}
 j - 5 scrolls of identify {unknown}
 k - a scroll of teleportation {unknown}
 m - a scroll of fog {unknown}
 q - a scroll of recharging {unknown}
 r - a scroll of random uselessness {unknown}
Potions
 f - a potion of cure mutation {unknown}
 i - 2 potions of heal wounds {unknown}
 l - 2 potions of flight {unknown}
 o - a potion of degeneration {unknown}
 p - a potion of curing {unknown}
Books
 c - a book of Geomancy

   Spells                             Type                      Level
   a - Sandblast                      Earth                        1
   b - Stoneskin                      Transmutation/Earth          2
   c - Passwall                       Transmutation/Earth          3
   d - Stone Arrow                    Conjuration/Earth            3
   e - Petrify                        Transmutation/Earth          4
   f - Lee's Rapid Deconstruction     Earth                        5
Comestibles
 d - 4 bread rations
 n - a meat ration


   Skills:
 - Level 1.5 Dodging
 - Level 2.1 Stealth
 * Level 3.8 Spellcasting
 - Level 0.7 Transmutations
 + Level 4.7 Earth Magic


You had one spell level left.
You knew the following spells:

 Your Spells              Type           Power        Failure   Level  Hunger
a - Sandblast             Erth           ###...       2%          1    None
b - Stoneskin             Trmt/Erth      ##......     12%         2    ##.....
c - Passwall              Trmt/Erth      ##........   21%         3    ###....
d - Stone Arrow           Conj/Erth      ##....       24%         3    ###....


Dungeon Overview and Level Annotations

Branches:
Dungeon (3/15)

Altars:
Kikubaaqudgha
Makhleb
Nemelex Xobeh
Okawaru
Yredelemnul
The Shining One


Innate Abilities, Weirdness & Mutations

You are resistant to torment.
Your stone body is resilient (AC +3).
You are immune to poison.
You resist negative energy.
You are resistant to electric shocks.
You can survive without breathing.
You are immune to petrification.
You are immune to rotting.


Message History

The orc priest hits you but does no damage.
Casting: Sandblast
Confirm with . or Enter, or press ? or * to list all spells.
Aiming: Sandblast
Press: ? - help, Shift-Dir - straight line, f/p - orc
Aim: an orc, wearing a scale mail The blast of sand hits the orc priest.
The orc priest is heavily wounded.
The orc priest hits you with a club.
Casting: Sandblast
Confirm with . or Enter, or press ? or * to list all spells.
Aiming: Sandblast
Press: ? - help, Shift-Dir - straight line, f - orc priest, p - orc
Aim: an orc priest, wielding a club (heavily wounded)
The blast of sand misses the orc priest.
The orc priest hits you with a club.
The orc priest invokes the aid of Beogh against you.
Something smites you!
Ouch! That really hurt!
You die...

#.####†# ...#
#.# ##### #.#
#.# #.######
########......#
#......'......#
#.######......#
#.@....#
#.######......#
#.............#
###.#####o....#
... #.....#
###.## #o....#
#..... #o....#
.#.....###o#####
...._......#


You could see an orc priest and 3 orcs.

Vanquished Creatures
  5 adders
  2 worms (D:2)
  4 giant geckos
  An orc (D:3)
  10 bats
  9 goblins
  5 hobgoblins
  A quokka (D:2)
  3 giant cockroaches
  6 giant newts
  4 kobolds
  4 rats
54 creatures vanquished.

Notes
Turn   | Place    | Note
--------------------------------------------------------------
     0 | D:1      | Horrz the Gargoyle Earth Elementalist began the quest for the Orb.
     0 | D:1      | Reached XP level 1. HP: 10/10 MP: 3/3
   218 | D:1      | Reached XP level 2. HP: 4/15 MP: 1/5
  1326 | D:2      | Reached skill level 4 in Earth Magic
  1326 | D:2      | Reached XP level 3. HP: 19/19 MP: 3/7
  1330 | D:2      | Learned a level 2 spell: Stoneskin
  1334 | D:2      | Learned a level 3 spell: Passwall
  1351 | D:2      | Found a glowing golden altar of the Shining One.
  1494 | D:2      | Found a sparkling altar of Nemelex Xobeh.
  1576 | D:2      | Reached XP level 4. HP: 24/24 MP: 3/8
  1581 | D:2      | Learned a level 3 spell: Stone Arrow
  1747 | D:2      | Found an ancient bone altar of Kikubaaqudgha.
  1747 | D:2      | Found an iron altar of Okawaru.
  1748 | D:2      | Found a burning altar of Makhleb.
  2684 | D:3      | Found a basalt altar of Yredelemnul.
  2707 | D:3      | Killed from afar by an orc priest

Vault maps used:
D:1:      minmay_arrival_diagonal_passages, serial_corexii_hall,
          corexii_hall_statues_l, corexii_hall_statues_x
D:2:      lemuel_crystal_altar, nemelex_xobeh_ov_fountains_minmay,
          gammafunk_temple_overflow_forgotten
D:3:      nicolae_overflow_crystal_walls, first_bread,
          nicolae_ashenzari_panopticon

Action                   |  1- 3 |  4- 6 || total
-------------------------+-------+-------++-------
Melee: Dagger            |    12 |       ||    12
 Cast: Sandblast         |    38 |    65 ||   103
  Eat: Chunk             |     2 |     4 ||     6
